 Dungeon Crawl Stone Soup version 0.17-a0-1769-g54adf96 (webtiles) character file.

6981 CuntPokingMan the Carver (level 11, -6/83 HPs)
             Began as an Octopode Fighter on Sept 7, 2015.
             Was an Elder of Dithmenos.
             Mangled by a salamander (shapeshifter) (11 damage)
             ... on level 10 of the Dungeon.
             The game lasted 01:33:37 (11913 turns).

CuntPokingMan the Carver (Octopode Fighter)        Turns: 11913, Time: 01:33:38

Health: -6/83      AC:  2    Str: 16    XL:     11   Next: 8%
Magic:  14/14      EV: 11    Int: 11    God:    Dithmenos [****..]
Gold:   504        SH: 12    Dex: 14    Spells: 1 memorised, 12 levels left

rFire  . . .     SeeInvis .     J - +0 scimitar
rCold  . . .     Clarity  .     b - +2 shield
rNeg   + . .     SustAt   .     u - +1 hat
rPois  .         Gourm    .     (no amulet)
rElec  .         Spirit   .     e - +4 ring of slaying
rCorr  .         Warding  .     c - ring of positive energy
rMut   .         Stasis   .     (no ring)
MR     .....                    (no ring)
Stlth  +++.......               (no ring)
                                (no ring)
                                (no ring)
                                (no ring)

@: wreathed by umbra, not resistant to hostile enchantments, fairly stealthy
A: almost no armour, amphibious, 8 rings, constrict 8, camouflage 1, gelatinous
body 1
a: Shadow Step, Renounce Religion


You were on level 10 of the Dungeon.
You worshipped Dithmenos.
Dithmenos was greatly pleased with you.
You were hungry.

You visited 2 branches of the dungeon, and saw 11 of its levels.
You also visited: Sewer.

You collected 504 gold pieces.

Inventory:

Hand weapons
 a - a +0 long sword
 j - a +0 blowgun
 r - a +0 rapier of electrocution
 H - a +1 vampiric falchion
 J - a +0 scimitar (weapon)
Missiles
 k - 3 poisoned needles
 y - 3 throwing nets (quivered)
 A - 10 tomahawks
Armour
 b - a +2 shield (worn)
 u - a +1 hat (worn)
 K - a +2 buckler
Jewellery
 c - a ring of positive energy (right tentacle)
 e - a +4 ring of slaying (left tentacle)
Magical devices
 g - a wand of polymorph (14)
 t - a wand of random effects (18)
 w - a wand of digging (18)
Scrolls
 d - a scroll of recharging
 l - 3 scrolls of blinking
 m - 3 scrolls of enchant weapon
 n - 3 scrolls of fear
 o - a scroll of teleportation
 D - 2 scrolls of remove curse
Potions
 q - a potion of brilliance
 s - a potion of magic
 C - a potion of mutation
 E - a potion of cancellation {unknown}
Books
 v - a book of Flames

   Spells                             Type                      Level
   a - Flame Tongue                   Conjuration/Fire             1
   b - Throw Flame                    Conjuration/Fire             2
   c - Conjure Flame                  Conjuration/Fire             3
   d - Inner Flame                    Hexes/Fire                   3
   e - Sticky Flame                   Conjuration/Fire             4
   f - Fireball                       Conjuration/Fire             5
   Dithmenos disapproves of the use of such an item.
 B - a book of Burglary

   Spells                             Type                      Level
   a - Swiftness                      Charms/Air                   2
   b - Passwall                       Transmutation/Earth          3
   c - Passage of Golubria            Translocation                4
   d - Lee's Rapid Deconstruction     Earth                        5
   e - Darkness                       Hexes                        6
   f - Invisibility                   Hexes                        6
 G - a book of the Dragon

   Spells                             Type                      Level
   a - Flame Tongue                   Conjuration/Fire             1
   b - Cause Fear                     Hexes                        4
   c - Bolt of Fire                   Conjuration/Fire             6
   d - Dragon Form                    Transmutation                7
   e - Dragon's Call                  Summoning                    9
Comestibles
 f - 3 meat rations
 h - 7 bread rations
 i - 3 slices of pizza
 z - a beef jerky
 F - 20 fruits


   Skills:
 - Level 11.1 Fighting
 - Level 11.6 Long Blades
 + Level 0.4 Throwing
 - Level 3.0 Dodging
 - Level 7.3 Shields
 - Level 2.3 Spellcasting
 * Level 2.8 Charms
 - Level 2.2 Air Magic


You had 12 spell levels left.
You knew the following spells:

 Your Spells              Type           Power        Failure   Level  Hunger
a - Swiftness             Chrm/Air       #.......     41%         2    ###....


Dungeon Overview and Level Annotations

Branches:
Dungeon (10/15)            Temple (1/1) D:4            Lair (0/8) D:9
    Orc: D:9-12

Altars:
Ashenzari
Cheibriados
Dithmenos
Elyvilon
Fedhas
Gozag
Kikubaaqudgha
Okawaru
Qazlal
Ru
Sif Muna
Trog
Xom
Yredelemnul
Zin
The Shining One

Shops:
D:6 (

Annotations:
D:8 Gastronok


Innate Abilities, Weirdness & Mutations

You cannot wear most types of armour.
You are amphibious.
You can wear up to eight rings at the same time.
You can use your tentacles to constrict eight enemies at once.
Your skin changes colour to match your surroundings (Stealth).
Your rubbery body absorbs attacks (AC +1).


Message History

You block the salamander's attack. The orc hits you but does no damage.
The salamander hits you.
You are engulfed in flames!
There is a stone staircase leading up here.
Drink which item? (? for menu, Esc to quit)
You feel better. You block the orc's attack. You block the salamander's attack.
Your shield prevents you from hitting the salamander.
You grab the salamander. You constrict the salamander.
You completely miss the salamander.
The salamander is lightly wounded.
Your shadow hits the salamander with a scimitar!
You constrict the salamander. The salamander hits you!
You are engulfed in flames!
* * * LOW HITPOINT WARNING * * *
The orc misses you.
You hit the salamander but do no damage.
The salamander is lightly wounded.
You constrict the salamander. The salamander hits you!
* * * LOW HITPOINT WARNING * * *
You are engulfed in flames!
You die...

# .# #.# #(# ###
######.# #..
#@N..>###.#
#####o.....#.#.##
#..........)....#
.....#.###.....##[#..#


KK. #.....# ... # KK. ###.### .#... .)K #... .#..## #.# #..## .. ... #.# ...# ..
..# You could see a salamander and an orc.

Vanquished Creatures
  The ghost of MoronicCinamun the Bolt Thrower, an experienced FoHu of Elyvilon (D:8)
  Psyche (D:8)
  The ghost of Malificent the Cutter, an experienced KoBe of Trog (D:5)
  Sigmund (D:5)
  Eustachio (D:5)
  A deep elf fighter (D:9)
  The ghost of liquidsnake the Magician, an average DgIE (D:4)
  Menkaure (D:5)
  Edmund (D:4)
  A hippogriff (D:9)
  Duvessa (D:5)
  A soldier ant (D:10)
  A water moccasin (D:9)
  3 ice beasts
  4 orc warriors
  2 phantoms
  5 ogres
  The ghost of Malificent the Ducker, an average DsGl (D:3)
  A gnoll sergeant (D:8)
  4 giant frogs
  An elf skeleton (D:4)
  Dowan (D:5)
  6 scorpions
  3 crimson imps (D:5)
  12 orc priests
  A centaur zombie (D:7)
  A giant frog zombie (D:6)
  4 human zombies (D:4)
  3 jellies
  8 worker ants
  3 hounds
  3 human skeletons (D:4)
  3 centaur skeletons
  2 iguanas
  11 orc wizards
  8 gnolls
  2 river rats (D:9)
  11 adders
  A shadow imp (D:6)
  An adder zombie (D:5)
  3 oozes
  An adder skeleton (D:8)
  4 worms
  11 giant geckos
  40 orcs
  6 ball pythons
  11 giant cockroaches
  14 goblins
  12 hobgoblins
  5 quokkas
  16 bats
  A giant gecko skeleton (D:7)
  14 giant newts
  11 jackals
  20 kobolds
  2 orc skeletons (D:4)
  An orc zombie (D:4)
  2 quokka skeletons
  15 rats
  10 plants (Sewer)
317 creatures vanquished.

Vanquished Creatures (others)
  A quokka (D:4)
  A fungus (D:9)
2 creatures vanquished.

Grand Total: 319 creatures vanquished

Notes
Turn   | Place    | Note
--------------------------------------------------------------
     0 | D:1      | CuntPokingMan the Octopode Fighter began the quest for the Orb.
     0 | D:1      | Reached XP level 1. HP: 16/16 MP: 1/1
   185 | D:1      | Reached XP level 2. HP: 11/21 MP: 2/2
   591 | D:1      | Reached XP level 3. HP: 22/26 MP: 3/3
  1093 | D:2      | Reached XP level 4. HP: 29/33 MP: 4/4
  1178 | D:2      | Found a glowing golden altar of the Shining One.
  1258 | D:2      | Reached skill level 4 in Fighting
  2248 | D:3      | Noticed Malificent's ghost (average DsGl)
  2261 | D:3      | HP: 1/33 [Malificent's ghost (3)]
  2262 | D:3      | Killed Malificent's ghost
  2262 | D:3      | Reached XP level 5. HP: 1/38 MP: 5/5
  2433 | D:3      | Found a basalt altar of Yredelemnul.
  2434 | D:3      | Found a blossoming altar of Fedhas.
  2923 | D:3      | Noticed an ogre
  2954 | D:3      | Killed an ogre
  2954 | D:3      | Reached XP level 6. HP: 45/45 MP: 6/6
  3087 | D:4      | Reached skill level 5 in Fighting
  3252 | D:4      | Found a white marble altar of Elyvilon.
  3414 | D:4      | Found a staircase to the Ecumenical Temple.
  3423 | D:4      | Reached XP level 7. HP: 47/50 MP: 7/7
  3448 | Temple   | Entered the Ecumenical Temple
  3535 | Temple   | Became a worshipper of Dithmenos the Shadowed
  3622 | D:4      | Reached skill level 5 in Long Blades
  4018 | D:4      | Noticed Edmund
  4019 | D:4      | Reached skill level 9 in Fighting
  4019 | D:4      | Reached XP level 8. HP: 50/64 MP: 8/8
  4029 | D:4      | Noticed liquidsnake's ghost (average DgIE)
  4040 | D:4      | Killed Edmund
  4091 | D:4      | Killed liquidsnake's ghost
  4091 | D:4      | Reached XP level 9. HP: 40/70 MP: 9/9
  4460 | D:4      | Reached skill level 10 in Fighting
  4537 | D:4      | Reached skill level 10 in Long Blades
  4674 | D:4      | Found Cakom's Jewellery Shop.
  5334 | D:5      | Entered Level 5 of the Dungeon
  5334 | D:5      | Noticed Malificent's ghost (experienced KoBe)
  5405 | D:5      | Noticed Sigmund
  5410 | D:5      | Killed Sigmund
  5449 | D:5      | Killed Malificent's ghost
  5505 | D:5      | Found a glowing drain.
  5528 | Sewer    | Entered a sewer
  5699 | Sewer    | Acquired Dithmenos's first power
  6203 | D:5      | Noticed Dowan
  6210 | D:5      | Killed Dowan
  6240 | D:5      | Noticed Duvessa
  6249 | D:5      | Killed Duvessa
  6539 | D:5      | Found a shimmering altar of Xom.
  6793 | D:5      | Noticed Eustachio
  6801 | D:5      | Killed Eustachio
  6961 | D:5      | Found an opulent altar of Gozag.
  7031 | D:5      | Noticed Menkaure
  7039 | D:5      | Killed Menkaure
  7399 | D:6      | Reached XP level 10. HP: 77/77 MP: 5/10
  7464 | D:6      | Reached skill level 11 in Long Blades
  7810 | D:6      | Found a deep blue altar of Sif Muna.
  7854 | D:6      | Found Pousesixo's Antique Weapon Emporium.
  8637 | D:6      | Acquired Dithmenos's second power
  8699 | D:6      | Found a deep blue altar of Sif Muna.
  8699 | D:6      | Found a shattered altar of Ashenzari.
  8930 | D:7      | Found a glowing silver altar of Zin.
  9219 | D:7      | Found an opulent altar of Gozag.
  9601 | D:8      | Noticed MoronicCinamun's ghost (experienced FoHu)
  9615 | D:8      | Killed MoronicCinamun's ghost
  9629 | D:8      | Noticed Gastronok
  9764 | D:8      | Learned a level 2 spell: Swiftness
  9874 | D:8      | Noticed Psyche
  9966 | D:8      | Killed Psyche
  9966 | D:8      | Reached skill level 1 in Spellcasting
 10044 | D:8      | Found a bloodstained altar of Trog.
 10577 | D:9      | Acquired Dithmenos's third power
 10728 | D:9      | Reached skill level 1 in Charms
 10864 | D:9      | Found a staircase to the Lair.
 10871 | D:9      | Reached skill level 1 in Air Magic
 11124 | D:9      | Reached XP level 11. HP: 75/83 MP: 14/14
 11398 | D:9      | Found a blossoming altar of Fedhas.
 11563 | D:9      | Learned a level 2 spell: Swiftness
 11613 | D:10     | Entered Level 10 of the Dungeon
 11845 | D:10     | Noticed a harpy
 11913 | D:10     | Mangled by a salamander (shapeshifter)

Vault maps used:
D:1:      shiori_arrival_maze
D:2:      kennysheep_big_flooded_room, nicolae_tso_swordbearing_angel
D:3:      minitemple, first_bread
D:4:      elyvilon_altar_4, minmay_temple_entry_overgrown, serial_shops,
          shop_fountains, nicolae_ossuary_entry_catacombs, minmay_lizard_king,
          uniq_edmund
D:5:      led_xom_imps, portal_sewer_entry_f, basic_altar, uniq_duvessa,
          uniq_eustachio, uniq_menkaure, uniq_sigmund
D:6:      gammafunk_temple_overflow_pools, basic_altar, serial_shops, shop,
          roderic_lattice_a, minmay_misc_feat_five, hangedman_decor_push
D:7:      lemuel_ice_spiral_2, zin_scriptorium,
          nicolae_gozag_cash_rules_everything_around_me, grunt_decor_arrowhead
D:8:      basic_altar, uniq_psyche, uniq_gastronok
D:9:      grunt_lair_entry_elf_guard_hut, hangedman_tree_tricks
Temple:   roderic_octagonal_lattice_temple
Sewer:    sewer_co_scattered_pipes

Action                   |  1- 3 |  4- 6 |  7- 9 | 10-12 || total
-------------------------+-------+-------+-------+-------++-------
Melee: Long sword        |    78 |    91 |   284 |   197 ||   650
       Unarmed           |       |       |     2 |       ||     2
       Scimitar          |       |       |       |    63 ||    63
Throw: Throwing net      |       |       |       |     1 ||     1
Invok: Shadow Step       |       |       |     1 |     1 ||     2
  Use: Scroll            |     5 |     2 |    11 |     7 ||    25
       Potion            |       |     5 |     5 |     4 ||    14
 Stab: Sleeping          |     4 |     3 |    15 |     6 ||    28
  Eat: Bread ration      |       |     1 |       |       ||     1
       Meat ration       |       |     1 |     3 |     2 ||     6
